Map: [TLMC16] Moondance

Players

SpeCial

  • Race: Terran Terran
  • Spawn Location: 12:00

Kelazhur - Winner!

  • Race: Terran Terran
  • Spawn Location: 6:00

Event: TSL 9

VOD

Have the link to the VOD?

Description

Time

  • Played on: July 30, 2022, 11:47 a.m.
  • Length: 12:30

All games in this series

Show
View Real Time Build Order
Export as new Build Order

SpeCial Terran 

Build Orders:  

Get SALT Encoding   

  12  0:00  SCV  
  13  0:12  SCV  
  14  0:17  Supply Depot  
  14  0:24  SCV  
  15  0:39  SCV, Barracks  
  15  0:42  Refinery  
  16  0:51  SCV  
  16  0:52  Refinery  
  17  1:03  SCV  
  18  1:15  SCV  
  19  1:27  Reaper, Orbital Command  
  19  1:32  Supply Depot  
  20  1:40  Factory  
  20  1:53  SCV  
  21  1:59  Reaper  
  22  2:05  SCV  
  23  2:16  Command Center  
  23  2:18  SCV  
  24  2:27  Hellion  
  26  2:30  SCV  
  26  2:33  Barracks Tech Lab  
  26  2:35  Supply Depot  
  27  2:44  Starport  
  27  2:46  SCV  
  28  2:59  Barracks Tech Lab  
  28  3:00  Cyclone  
  28  3:04  SCV  
  30  3:16  SCV  
  31  3:25  Marine  
  31  3:26  Banshee  
  35  3:27  Orbital Command  
  35  3:30  Refinery  
  35  3:33  SCV  
  35  3:38  Cyclone  
  33  3:45  SCV  
  30  3:54  SCV  
  29  3:57  SCV  
  29  4:06  SCV  
  29  4:09  SCV  
  31  4:18  SCV  
  31  4:21  SCV  
  33  4:30  SCV  
  33  4:31  Marine  
  34  4:33  SCV  
  34  4:34  Supply Depot  
  34  4:35  Raven  
  38  4:42  SCV  
  39  4:45  SCV  
  39  4:52  Siege Tank  
  41  4:54  SCV  
  41  4:57  SCV  
  43  5:00  Refinery  
  43  5:01  Barracks Reactor  
  43  5:06  SCV  
  44  5:10  SCV  
  45  5:18  SCV  
  45  5:20  Raven  
  48  5:22  SCV  
  49  5:31  SCV  
  49  5:34  SCV  
  49  5:35  Siege Tank  
  54  5:43  SCV, Marine x2  
  54  5:46  SCV  
  58  5:53  Supply Depot  
  58  5:55  SCV  
  59  5:58  SCV  
  59  5:59  Supply Depot  
  60  6:07  SCV  
  60  6:08  Starport  
  60  6:10  SCV  
  60  6:11  Barracks Reactor  
  62  6:15  Viking, Siege Tank  
  62  6:17  Viking  
  69  6:19  SCV  
  69  6:22  SCV  
  71  6:31  SCV  
  72  6:34  SCV  
  72  6:38  Supply Depot  
  73  6:43  SCV  
  74  6:54  SCV  
  74  6:56  Supply Depot, Viking  
  74  6:59  Viking x2  
  74  7:00  Viking  
  83  7:08  Siege Tank  
  86  7:18  SCV x2  
  88  7:32  Viking x3  
  88  7:34  Supply Depot x2  
  94  7:47  Supply Depot  
  94  7:55  Viking, Siege Tank, SCV x2  
  97  8:07  SCV x2  
  97  8:09  Viking x3  
  105  8:20  SCV x2  
  105  8:24  Supply Depot  
  107  8:27  Siege Tank  
  88  8:45  SCV  
  88  8:47  Liberator x2  
  90  8:51  SCV  
  91  9:00  Liberator, Siege Tank  
  93  9:09  SCV  
  94  9:10  SCV  
  94  9:14  Supply Depot  
  94  9:15  Command Center  
  95  9:25  Liberator  
  95  9:27  SCV x2  
  100  9:32  Siege Tank  
  103  9:39  Supply Depot, SCV x2  
  103  9:41  Factory  
  105  9:48  Viking  
  105  9:51  SCV  
  108  9:56  Viking  
  108  9:57  SCV  
  111  10:03  SCV  
  112  10:09  SCV, Siege Tank  
  112  10:11  Viking  
  118  10:15  SCV  
  119  10:22  SCV  
  119  10:27  SCV  
  121  10:30  Viking  
  121  10:31  Viking  
  121  10:34  SCV  
  122  10:35  Siege Tank  
  122  10:41  SCV  
  106  10:51  SCV  
  106  10:53  Siege Tank  
  106  10:56  Viking  
  99  11:01  SCV, Orbital Command  
  99  11:02  Refinery  
  100  11:04  Viking  
  100  11:07  SCV  
  103  11:13  SCV  
  103  11:14  Command Center  
  103  11:15  Viking  
  105  11:19  SCV  
  105  11:20  Viking  
  105  11:23  Command Center  
  108  11:29  Siege Tank  
  108  11:31  Engineering Bay  
  111  11:38  Siege Tank  
  111  11:39  SCV x2  
  116  11:42  SCV  
  117  11:51  SCV x2  
Show
View Real Time Build Order
Export as new Build Order

Kelazhur Terran - Winner!

Build Orders:  

Get SALT Encoding   

  12  0:00  SCV  
  13  0:12  SCV  
  14  0:16  Supply Depot  
  14  0:24  SCV  
  15  0:38  SCV  
  15  0:40  Barracks  
  16  0:43  Refinery  
  16  0:50  SCV  
  16  0:52  Refinery  
  17  1:02  SCV  
  18  1:14  SCV  
  19  1:27  Reaper, Orbital Command  
  19  1:32  Supply Depot  
  20  1:41  Factory  
  20  1:53  SCV  
  21  1:59  Barracks Reactor  
  21  2:05  SCV  
  22  2:18  Command Center  
  22  2:22  SCV  
  23  2:27  Hellion  
  25  2:34  SCV  
  25  2:35  Reaper x2  
  28  2:40  Supply Depot  
  28  2:46  SCV  
  28  2:48  Hellion  
  31  2:58  SCV  
  31  2:59  Starport  
  30  3:11  SCV, Factory Tech Lab  
  30  3:12  Marine x2  
  33  3:23  SCV  
  34  3:31  Cyclone  
  34  3:34  Orbital Command  
  37  3:36  SCV  
  35  3:44  Marine x2  
  36  3:48  SCV  
  36  3:54  Starport Tech Lab  
  35  4:00  SCV  
  35  4:01  SCV  
  34  4:05  Siege Tank  
  34  4:09  Refinery  
  37  4:12  SCV  
  37  4:13  SCV  
  39  4:22  Raven  
  41  4:24  SCV  
  41  4:25  SCV  
  41  4:28  Marine x2  
  45  4:33  Command Center  
  45  4:37  SCV x2  
  46  4:49  SCV x2  
  46  4:52  Siege Tank, Marine x2  
  53  5:01  SCV  
  53  5:04  Supply Depot x2  
  54  5:07  SCV  
  54  5:13  SCV  
  56  5:15  Raven  
  56  5:19  SCV  
  56  5:20  Marine x2  
  61  5:25  SCV  
  62  5:31  SCV  
  62  5:32  Refinery, Siege Tank  
  66  5:38  SCV, Marine x2  
  66  5:42  Supply Depot  
  69  5:43  SCV  
  69  5:45  Orbital Command  
  70  5:50  SCV  
  70  5:55  SCV  
  72  6:02  Barracks x2, SCV  
  73  6:06  Siege Tank  
  73  6:08  SCV  
  77  6:12  SCV  
  77  6:16  Viking x2  
  82  6:20  Stimpack  
  82  6:21  SCV x2  
  82  6:24  SCV  
  85  6:31  Marine  
  86  6:33  SCV x2  
  86  6:36  Engineering Bay x2, SCV  
  86  6:38  Siege Tank  
  92  6:42  Supply Depot  
  92  6:45  SCV x2  
  92  6:47  Viking  
  96  6:50  SCV  
  96  6:51  Supply Depot  
  97  6:56  Supply Depot  
  97  7:01  Barracks Reactor x2  
  97  7:04  Supply Depot, Viking, SCV x2  
  97  7:05  Terran Infantry Weapons Level 1  
  101  7:08  Supply Depot  
  101  7:09  Terran Infantry Armor Level 1  
  101  7:13  SCV  
  102  7:16  SCV  
  102  7:19  Viking  
  102  7:22  SCV  
  105  7:25  Siege Tank  
  105  7:26  SCV  
  109  7:32  SCV, Marine  
  109  7:34  SCV  
  109  7:35  Viking  
  114  7:43  Marine x4  
  118  7:45  SCV x2  
  118  7:50  Supply Depot, Refinery, Marine, Viking  
  123  7:59  Combat Shield  
  123  8:01  Marine x2  
  123  8:03  Siege Tank  
  124  8:07  Marine x2  
  124  8:08  Marine  
  124  8:10  SCV  
  128  8:13  Barracks x2  
  128  8:17  SCV x2  
  127  8:26  SCV  
  128  8:29  SCV  
  128  8:30  SCV  
  128  8:33  Viking  
  125  8:34  Marine x2  
  125  8:38  SCV, Viking  
  109  8:42  SCV, Marine x2  
  96  8:50  SCV  
  96  8:55  Command Center  
  96  8:56  Marine x3  
  96  8:57  Siege Tank  
  100  9:03  Viking  
  100  9:05  Barracks Tech Lab x2, Marine x2  
  100  9:08  Viking  
  106  9:14  Marine x2  
  106  9:15  Supply Depot, Armory, Sensor Tower  
  108  9:23  Marauder, Marine x2  
  112  9:25  Concussive Shells, Marauder, Marine  
  112  9:29  Siege Tank  
  118  9:33  Supply Depot  
  118  9:41  Marauder  
  118  9:42  Medivac x2  
  118  9:43  Marine x4  
  118  9:44  Marauder  
  130  9:49  Supply Depot  
  130  9:50  Supply Depot  
  130  9:53  Marauder  
  129  10:00  Marine x2  
  129  10:02  Siege Tank, Marauder  
  136  10:08  Marauder  
  136  10:10  Marine  
  136  10:12  Medivac x2  
  139  10:14  Marauder  
  140  10:24  Marauder  
  142  10:31  Marine x2  
  142  10:32  Marauder  
  145  10:38  Marine  
  145  10:42  Medivac x2  
  146  10:47  Marauder, Marine x2  
  146  10:49  SCV x2, Marine  
  115  10:50  SCV  
  115  10:56  Marine  
  103  10:58  Marine  
  103  11:01  SCV x2  
  103  11:02  SCV, Orbital Command  
  103  11:03  Marine  
  105  11:04  Marine x2  
  105  11:08  Marine  
  108  11:13  SCV  
  108  11:14  SCV x2  
  108  11:16  Marine  
  112  11:21  Missile Turret  
  112  11:26  SCV x3  
  112  11:28  Marine x3  
  112  11:30  SCV  
  119  11:36  Missile Turret  
  119  11:38  SCV x3  
  119  11:39  Medivac x2, Marine x2  
  128  11:42  SCV  
  128  11:44  Marauder  
  128  11:45  Marauder  
  124  11:57  Marauder  
  124  12:06  Marauder  
Tags
 
Add a new tag
Caveats
  • Supply blocks, unpowered buildings, or Contaminate may cause inaccurate times.
  • Supply counts are checked every 10 seconds.